 Dungeon Crawl Stone Soup version 0.26.0-20-g3ca415f5b8 (webtiles) character file.

Game seed: 8986265112340701184

144048 hawla the Basher (level 16, -11/134 HPs)
             Began as a Yellow Draconian Conjurer on Jan 25, 2021.
             Was an Initiate of Gozag.
             Shot with an arrow by a deep elf archer (18 damage)
             ... while paralysed
             ... on level 1 of the Elven Halls.
             The game lasted 02:38:43 (48689 turns).

hawla the Basher (Yellow Draconian Conjurer)       Turns: 48689, Time: 02:38:43

Health: -11/134    AC: 23    Str: 10    XL:     16   Next: 84%
Magic:  2/33       EV:  2    Int: 31    God:    Gozag
Gold:   2950       SH:  0    Dex: 10    Spells: 15/41 levels left

rFire    + + +     SeeInvis +   I - +8 lance "Wyrmbane" {slay drac, rPois rF+ rC+ AC+3}
rCold    + . .     Faith    .   m - +3 buckler
rNeg     . . .     Spirit   .   (armour unavailable)
rPois    +         Reflect  +   R - +2 hat {Will+}
rElec    +         Harm     .   p - +2 cloak
rCorr    +         Rampage  .   a - +2 pair of gloves
Will     +++++                  c - +2 pair of boots {Fly}
Stlth    +++.......             q - amulet of reflection
HPRegen  0.32/turn              h - +6 ring of intelligence
MPRegen  0.23/turn              T - ring "Umuimeadu" {Fire Will++ SInv Stlth+}

@: paralysed, mighty, resistant, gold aura, berserk cooldown, very slightly
contaminated, slowed, studying Fighting, invisible
A: spit acid, unfitting armour, talons 1, strong-willed 1, acidic bite,
cold-blooded, acid resistance, AC +9
a: Breathe Acid, Renounce Religion, Evoke Flight, Potion Petition, Call
Merchant, Bribe Branch


You were on level 1 of the Elven Halls.
You worshipped Gozag.
Gozag was most pleased with you.
You visited 5 branches of the dungeon, and saw 25 of its levels.
You also visited: Sewer.

You collected 10126 gold pieces.
You spent 4705 gold pieces at shops.
You paid 2471 gold pieces to Gozag.

Inventory:

Hand Weapons
 I - the +8 lance "Wyrmbane" (weapon) {slay drac, rPois rF+ rC+ AC+3}
   (You took it off a wight on level 10 of the Dungeon)

   It affects your AC (+3).
   It protects you from fire.
   It protects you from cold.
   It protects you from poison.
Missiles
 u - 56 boomerangs
 N - 35 poisoned darts (quivered)
 P - 11 javelins
Armour
 a - a +2 pair of gloves (worn)
 c - a +2 pair of boots of flying (worn)
 m - a +3 buckler (worn)
 p - a +2 cloak (worn)
 w - a +2 hat of see invisible
 R - a +2 hat of willpower (worn)
Jewellery
 b - a +6 ring of dexterity
 h - a +6 ring of intelligence (left hand)
 q - an amulet of reflection (around neck)
 t - an uncursed amulet of regeneration
 A - an uncursed ring of stealth
 E - an uncursed amulet of faith {unknown}
 Q - the macabre finger necklace {rN+}
   (You found it on level 1 of the Elven Halls)

   [amulet of nothing]

   It protects you from negative energy.
 T - the ring "Umuimeadu" (right hand) {Fire Will++ SInv Stlth+}
   (You found it on level 11 of the Dungeon)

   [ring of fire]

   It enhances your fire magic.
   It protects you from fire.
   It makes you vulnerable to cold.
   It affects your willpower, your defense against some magical effects.
   It lets you see invisible.
   It makes you more stealthy.
Wands
 n - a wand of disintegration (7)
 B - a wand of acid (16)
 C - a wand of digging (7)
 D - a wand of paralysis (9)
 J - a wand of enslavement (31)
 L - a wand of random effects (14)
 O - a wand of flame (17)
Scrolls
 g - 4 scrolls of magic mapping
 i - 2 scrolls of teleportation
 l - 7 scrolls of amnesia
 v - 3 scrolls of fog
 x - 9 scrolls of remove curse
 y - 3 scrolls of enchant weapon
 F - a scroll of silence
 G - 2 scrolls of identify
 H - 2 scrolls of enchant armour
 S - 2 scrolls of holy word
 U - a scroll of blinking
 V - a scroll of fear
Potions
 d - a potion of berserk rage
 e - a potion of cancellation
 f - a potion of brilliance
 k - 13 potions of flight
 o - a potion of might
 K - a potion of haste
Books
 W - a manual of Fighting
Miscellaneous
 z - a lightning rod (inert)


   Skills:
 - Level 10.0 Fighting
 - Level 13.8(14.0) Maces & Flails
 + Level 10.3(10.5) Polearms
 - Level 2.6(11.4) Staves
 - Level 1.0 Throwing
 - Level 2.0 Dodging
 - Level 2.0 Stealth
 - Level 4.0 Shields
 - Level 13.3 Spellcasting
 - Level 13.3 Conjurations
 - Level 3.0 Translocations
 - Level 4.0 Transmutations
 - Level 13.6 Fire Magic
 - Level 2.0 Evocations


You had 15 spell levels left.
You knew the following spells:

 Your Spells              Type           Power        Failure   Level
a - Magic Dart            Conj           100%         0%          1
b - Searing Ray           Conj           100%         0%          2
c - Iskenderun's Mystic   Conj/Tloc      63%          1%          4
d - Blink                 Tloc           N/A          1%          2
e - Conjure Flame         Conj/Fire      100%         1%          3
f - Fireball              Conj/Fire      51%          1%          5
g - Sticky Flame          Conj/Fire      100%         1%          4
h - Irradiate             Conj/Tmut      32%          1%          5

Your spell library contained the following spells:

 Spells                   Type           Power        Failure   Level
 Foxfire                  Conj/Fire      100%         0%          1
 Dazzling Flash           Conj/Hex       100%         1%          3
 Inner Flame              Hex/Fire       76%          1%          3
 Mephitic Cloud           Conj/Pois/Air  48%          1%          3
 Fulminant Prism          Conj/Hex       29%          1%          4
 Animate Skeleton         Necr           40%          2%          1
 Corona                   Hex            22%          2%          1
 Pain                     Necr           80%          2%          1
 Summon Small Mammal      Summ           80%          2%          1
 Call Imp                 Summ           20%          3%          2
 Slow                     Hex            20%          3%          2
 Portal Projectile        Hex/Tloc       58%          3%          3
 Call Canine Familiar     Summ           20%          7%          3
 Summon Guardian Golem    Hex/Summ       20%          7%          3
 Vampiric Draining        Necr           10%          7%          3
 Animate Dead             Necr           10%          24%         4
 Cause Fear               Hex            10%          24%         4
 Leda's Liquefaction      Hex/Erth       10%          24%         4
 Summon Ice Beast         Ice/Summ       20%          24%         4
 Summon Lightning Spire   Summ/Air       20%          24%         4
 Agony                    Necr           20%          54%         5
 Hydra Form               Tmut           22%          56%         6
 Statue Form              Tmut/Erth      22%          85%         6
 Dragon Form              Tmut           22%          98%         7


Dungeon Overview and Level Annotations

Branches:
Dungeon (15/15)            Temple (1/1) D:4            Lair (6/6) D:11
 Shoals (0/4) Lair:3       Spider (0/4) Lair:3        Slime (0/5) Lair:5
    Orc (2/2) D:11            Elf (1/3) Orc:2        Vaults (0/5) D:13
 Depths (0/5) D:15          Sewer (visited)

Altars:
Ashenzari
Cheibriados
Dithmenos
Elyvilon
Fedhas
Gozag
Hepliaklqana
Kikubaaqudgha
Makhleb
Nemelex Xobeh
Okawaru
Qazlal
Ru
Sif Muna
Trog
Uskayaw
Vehumet
Wu Jian
Xom
Yredelemnul
Zin
The Shining One
Beogh
Jiyva

Shops:
D:6 :   D:11 *[   D:13 ?=   Orc:2 ([(?   Elf:1 [   Lair:4 *

Annotations:
D:11 , gold needs apportation, iamoutofideas's ghost, journeyman DsIE
Lair:3 3 runed translucent doors, kaeus's ghost, journeyman MiFi
Lair:5 1 runed translucent door, Luam's ghost, journeyman OpFi


Innate Abilities, Weirdness & Mutations

You can spit globs of acid.
Your golden yellow scales are hard. (AC +9)
You cannot fit into any form of body armour.
You have acidic saliva.
You are cold-blooded and may be slowed by cold attacks.
You are resistant to acid. (rCorr)
You have sharp toenails.
You are strong-willed. (Will+)


Message History

Aim: a deep elf mage, wielding a +0 rapier (severely wounded)
You reach to attack!
You puncture the deep elf mage!
You kill the deep elf mage!
You feel less wooden.
Your +2 cloak unmelds from your body.
Your +2 hat of willpower unmelds from your body.
Your +2 pair of gloves unmelds from your body.
Your +2 pair of boots of flying unmelds from your body.
You feel strong-willed.
The deep elf archer shoots an arrow.
You reflect the arrow off an invisible shield around you!
The arrow closely misses the deep elf archer.
You feel a strong urge to attack something.
Items here: $ ( ) [.
You are no longer berserk.
You pass out from exhaustion.
You feel yourself slow down.
The deep elf archer shoots an arrow.
The arrow hits you but does no damage.
The deep elf archer shoots an arrow.
The arrow hits you!!
You die...
Your body crumbles into a pile of gold.

#.#.#####(#.#...#.#.#####.#
#........##.#...#.#..[.....
#.#...⌠.).'.#.⌠.#.'...⌠...#
#.'.......#.#...#.#........
###.#####.#.#...#.#.#####.#
##.....###.....###.....##
#######(###'### #######.
#$##...## #....... #####
#@#.....####...... #...#
#e#⌠.⌠.⌠#.......## ...∩##
#$#.....#........# .....##
#$##.⌠.##........#
......##########.######.........#
.......'......##(###............#
.......#...........'............'
.......#.#####.#####............#
#.....##.# #e# ##.(.........#


You could see a deep elf archer (repels missiles).

Vanquished Creatures
  Rupert (Lair:6)
  Gastronok (Lair:3)
  Kirke (Lair:6)
  Donald (Orc:2)
  A deep elf sorcerer (Elf:1)
  A fire giant (D:15)
  2 orc warlords (Orc:2)
  The ghost of Hehehe the Eclecticist, a journeyman DECj of Vehumet (Elf:1)
  A dire elephant (Lair:6)
  Snorg (D:11)
  The ghost of Xomnel the Fencer, a journeyman TeFi of Okawaru (Lair:6)
  8 hydras
  8 vault guards (D:13)
  A yaktaur captain (D:12)
  6 boulder beetles
  Harold (D:8)
  Erolcha (Orc:2)
  An ogre mage (D:15)
  A catoblepas (Lair:6)
  8 two-headed ogres
  4 centaur warriors
  A deep troll shaman (Lair:6)
  10 death yaks
  Urug (Orc:2)
  A tengu warrior (D:15)
  An orc high priest (Orc:1)
  8 deep elf knights (Elf:1)
  A flayed ghost (D:12)
  A phantasmal warrior (D:12)
  6 deep elf archers (Elf:1)
  2 wolf spider zombies
  An orb spider (Lair:3)
  Pikel (D:8)
  34 deep elf magi
  11 ugly things
  2 orc knights
  3 cyclopes
  6 orc sorcerers
  A moth of wrath (shapeshifter) (D:13)
  A manticore (shapeshifter) (D:13)
  2 manticores
  4 centaur zombies
  6 elephants (Lair:6)
  7 black mambas
  A torpor snail (Lair:6)
  13 cane toads
  Maggie (Lair:1)
  3 centaur skeletons
  2 rime drakes (Lair:4)
  2 kobold demonologists (D:14)
  A yaktaur (shapeshifter) (D:13)
  An efreet (D:12)
  11 komodo dragons
  4 tengu conjurers
  7 trolls
  A hornet (shapeshifter) (Elf:1)
  A hornet (D:13)
  A polar bear (Lair:6)
  10 blink frogs
  14 dream sheep
  A harpy skeleton (D:13)
  Grinder (D:3)
  12 slime creatures
  A meliai zombie (D:12)
  2 air elementals (Elf:1)
  A centaur simulacrum (D:11)
  2 shadows
  2 vampires (D:12)
  A redback (shapeshifter) (D:12)
  A spriggan (Lair:4)
  A water elemental (Elf:1)
  6 basilisks
  6 wyverns
  48 yaks
  Grum (Lair:1)
  2 hogs (Lair:6)
  11 vampire mosquitoes
  A steam dragon (D:12)
  A soldier ant (D:13)
  An acid dragon (D:12)
  3 wargs (Orc:2)
  12 water moccasins
  45 orc warriors
  Purgy (Sewer)
  13 ice beasts
  7 black bears
  A necrophage (D:7)
  11 ogres
  3 phantoms
  An eye of draining (D:13)
  5 sky beasts
  15 wolves
  13 centaurs
  7 big kobolds
  An earth elemental (Elf:1)
  25 bullfrogs
  3 wyvern skeletons (D:12)
  3 scorpions
  15 killer bees
  21 wights
  2 howler monkeys
  A crimson imp (D:11)
  2 quasits
  A wyvern simulacrum (D:14)
  3 bullfrog zombies
  2 jellies
  A gnoll shaman (Orc:1)
  14 hounds
  21 orc priests
  39 orc wizards
  4 bullfrog skeletons
  An iron imp (D:11)
  3 iguanas
  9 worker ants
  5 hell rats (Lair:6)
  A hound zombie (D:7)
  A hound skeleton (D:5)
  3 worker ant zombies
  A howler monkey skeleton (D:4)
  19 gnolls
  9 river rats (Lair:6)
  18 adders
  2 shadow imps
  5 white imps
  A howler monkey simulacrum (D:11)
  An ufetubus (D:7)
  An adder skeleton (D:7)
  2 worms
  5 dart slugs
  2 leopard geckos
  125 orcs
  2 ball pythons
  7 giant cockroaches
  7 goblins
  6 hobgoblins
  13 jackals
  31 kobolds
  3 quokkas
  7 bats
  7 frilled lizards
  A jackal zombie (D:8)
  A quokka zombie (D:7)
  4 rats
  A butterfly (Lair:6)
936 creatures vanquished.

Vanquished Creatures (others)
  8 dancing weapons (Elf:1)
  A deep elf archer (Elf:1)
  A deep elf mage (Elf:1)
  An air elemental (Elf:1)
  A human (Lair:6)
  An orc warrior (Orc:2)
  A swamp drake (D:11)
  An orc priest (Orc:1)
  An orc wizard (Orc:2)
  A hell rat (Lair:6)
  A river rat (Lair:6)
  An orc (D:11)
  48 fungi
  62 plants
129 creatures vanquished.

Grand Total: 1065 creatures vanquished

Notes
Turn   | Place    | Note
-------+----------+-------------------------------------------
     0 | D:1      | hawla the Draconian Conjurer began the quest for the Orb.
     0 | D:1      | Reached XP level 1. HP: 14/14 MP: 3/3
     3 | D:1      | Noticed an electric eel
     3 | D:1      | Noticed an electric eel
     3 | D:1      | You fall into a shaft and drop 1 floor!
   328 | D:1      | Reached skill level 1 in Fighting
   389 | D:1      | Reached XP level 2. HP: 23/23 MP: 3/5
  1020 | D:1      | Reached XP level 3. HP: 22/29 MP: 0/6
  1023 | D:1      | Learned a level 2 spell: Searing Ray
  1124 | D:1      | Reached skill level 1 in Shields
  1467 | D:2      | Reached XP level 4. HP: 30/36 MP: 5/8
  1475 | D:2      | Learned a level 4 spell: Iskenderun's Mystic Blast
  2287 | D:3      | Gained mutation: You are strong-willed. (Will+) [potion of
                  | mutation]
  2287 | D:3      | Gained mutation: You have sharp toenails. [potion of
                  | mutation]
  2559 | D:3      | Found a hazy altar of Hepliaklqana.
  2784 | D:3      | Reached XP level 5. HP: 41/41 MP: 5/10
  2866 | D:3      | Found a bloodstained altar of Trog.
  2928 | D:3      | Noticed Grinder
  2934 | D:3      | Paralysed by Grinder for 4 turns
  2944 | D:3      | Killed Grinder
  2945 | D:3      | Reached skill level 1 in Staves
  2945 | D:3      | Reached skill level 1 in Throwing
  2945 | D:3      | Reached skill level 1 in Translocations
  2945 | D:3      | Reached XP level 6. HP: 21/48 MP: 0/11
  3271 | D:3      | Found a faded altar of an unknown god.
  3798 | D:4      | Your scales start taking on a golden yellow colour.
  3798 | D:4      | Reached XP level 7. HP: 54/55 MP: 11/13
  3798 | D:4      | Gained mutation: You are resistant to acid. (rCorr) [Yellow
                  | Draconian growth]
  3823 | D:4      | Reached skill level 5 in Conjurations
  4033 | D:4      | Found a staircase to the Ecumenical Temple.
  4041 | Temple   | Entered the Ecumenical Temple
  4135 | Temple   | Became a worshipper of Gozag Ym Sagoz the Greedy
  4191 | D:4      | Found an ornate altar of the Wu Jian Council.
  4688 | D:5      | Entered Level 5 of the Dungeon
  4738 | D:5      | Got a fading flail
  4739 | D:5      | Identified the cursed +1 flail of Evil {elec, rF+ Int+7}
                  | (You found it on level 5 of the Dungeon)
  4944 | D:5      | Reached skill level 1 in Maces & Flails
  5150 | D:5      | Reached XP level 8. HP: 29/61 MP: 14/14
  5526 | D:5      | Found a glowing silver altar of Zin.
  5538 | D:5      | Found a stormy altar of Qazlal.
  5859 | D:6      | Found a glowing drain.
  5869 | Sewer    | Entered a sewer
  6095 | Sewer    | Noticed Purgy
  6098 | Sewer    | Killed Purgy
  6099 | Sewer    | Reached skill level 5 in Spellcasting
  6799 | D:6      | Found Hazun's Book Shoppe.
  7101 | D:6      | Found a blossoming altar of Fedhas.
  7327 | D:7      | Reached XP level 9. HP: 67/67 MP: 8/18
  7595 | D:7      | Reached skill level 5 in Maces & Flails
  7614 | D:6      | Bought a book of Minor Magic for 260 gold pieces
  7617 | D:6      | Learned a level 2 spell: Blink
  7621 | D:6      | Learned a level 3 spell: Conjure Flame
  8651 | D:6      | Bought a book of Flames for 455 gold pieces
  8674 | D:7      | Learned a level 5 spell: Fireball
  8679 | D:7      | Learned a level 4 spell: Sticky Flame
  9037 | D:8      | Noticed Pikel
  9041 | D:8      | Killed Pikel
  9216 | D:8      | Noticed Harold
  9221 | D:8      | Noticed a two-headed ogre
  9233 | D:8      | Killed Harold
  9234 | D:8      | Reached XP level 10. HP: 19/73 MP: 1/21
  9249 | D:8      | Killed a two-headed ogre
 10260 | D:9      | Identified a scroll of acquirement
 10265 | D:9      | Acquired a +2 pair of boots of flying
 10455 | D:9      | Found an opulent altar of Gozag.
 11592 | D:10     | Entered Level 10 of the Dungeon
 12005 | D:10     | Reached skill level 5 in Fire Magic
 12404 | D:10     | Noticed a two-headed ogre
 12483 | D:10     | Killed a two-headed ogre
 12484 | D:10     | Reached XP level 11. HP: 79/79 MP: 4/24
 13062 | D:11     | Noticed a two-headed ogre
 13181 | D:11     | Killed a two-headed ogre
 13585 | D:11     | Found Mulunon's General Store.
 13593 | D:11     | Bought a scroll of teleportation for 48 gold pieces
 13593 | D:11     | Bought a scroll of identify for 32 gold pieces
 13642 | D:11     | Found a staircase to the Orcish Mines.
 13669 | D:11     | Found a staircase to the Lair.
 13945 | D:11     | Found Fisiuv's Armour Boutique.
 14094 | D:11     | Found a runed translucent gate.
 14094 | D:11     | Found a runed translucent gate.
 14094 | D:11     | Found a runed translucent gate.
 14145 | D:11     | Noticed a boulder beetle
 14638 | D:11     | Noticed a deep elf mage
 14646 | D:11     | Killed a deep elf mage
 14647 | D:11     | Reached skill level 10 in Maces & Flails
 14753 | D:11     | Noticed a deep elf mage
 14760 | D:11     | Killed a deep elf mage
 14811 | D:11     | Killed a boulder beetle
 15021 | D:11     | Noticed iamoutofideas's ghost (journeyman DsIE)
 15291 | D:11     | Reached skill level 1 in Polearms
 15459 | D:11     | Got the ring "Umuimeadu" {Fire}
 15662 | Temple   | Identified the ring "Umuimeadu" {Fire Will++ SInv Stlth+}
                  | (You found it on level 11 of the Dungeon)
 16350 | D:12     | Noticed a boulder beetle
 16796 | D:12     | Found a stormy altar of Qazlal.
 16826 | D:12     | Noticed a boulder beetle
 16851 | D:12     | Killed a boulder beetle
 16852 | D:12     | Reached XP level 12. HP: 79/85 MP: 3/25
 17033 | D:12     | Noticed a boulder beetle
 17347 | D:12     | Noticed a yaktaur captain
 17360 | D:12     | Killed a yaktaur captain
 18550 | D:6      | Bought a book of Transfigurations for 715 gold pieces
 18643 | D:11     | Learned a level 5 spell: Irradiate
 18913 | D:13     | Noticed a vault guard
 18914 | D:13     | Noticed a vault guard
 18916 | D:13     | Noticed a vault guard
 19119 | D:13     | Noticed a vault guard
 19146 | D:12     | Reached skill level 1 in Transmutations
 19893 | D:12     | Noticed a boulder beetle
 20085 | D:12     | Killed a boulder beetle
 20266 | D:12     | Killed a boulder beetle
 20891 | D:12     | Reached XP level 13. HP: 91/91 MP: 14/26
 21991 | D:13     | Reached skill level 10 in Fire Magic
 22387 | D:13     | Reached skill level 10 in Spellcasting
 22843 | D:13     | Found a gate to the Vaults.
 23764 | D:13     | Reached skill level 10 in Conjurations
 24595 | D:13     | You fall into a shaft and drop 2 floors!
 24595 | D:15     | Entered Level 15 of the Dungeon
 24640 | D:15     | Noticed a fire giant
 24973 | D:14     | Gained mutation: You have acidic saliva. [Yellow Draconian
                  | growth]
 24973 | D:14     | Reached XP level 14. HP: 75/99 MP: 13/28
 26316 | D:13     | Bought a scroll of acquirement for 832 gold pieces
 26317 | D:13     | Acquired 726 gold pieces
 26320 | D:13     | Bought a scroll of enchant armour for 120 gold pieces
 26320 | D:13     | Bought 2 scrolls of holy word for 240 gold pieces
 26320 | D:13     | Bought a scroll of blinking for 120 gold pieces
 26320 | D:13     | Bought a scroll of fog for 32 gold pieces
 26320 | D:13     | Bought a scroll of identify for 32 gold pieces
 26320 | D:13     | Bought a scroll of fear for 56 gold pieces
 26394 | D:11     | Noticed Snorg
 26399 | D:11     | Killed Snorg
 27562 | D:15     | Found a staircase to the Depths.
 27662 | D:15     | Killed a fire giant
 28194 | D:15     | Got a pitted flail
 29277 | Temple   | Identified the +4 flail "Bifuryik" {holy, *Slow rC+ rN+++
                  | MP+9} (You found it on level 15 of the Dungeon)
 29424 | Lair:1   | Entered Level 1 of the Lair of Beasts
 29570 | Lair:1   | Noticed Grum
 29585 | Lair:1   | Killed Grum
 30182 | Lair:1   | Noticed Maggie
 30199 | Lair:1   | Killed Maggie
 30562 | Lair:2   | Reached skill level 1 in Evocations
 31526 | Lair:2   | Found an opulent altar of Gozag.
 31857 | Lair:3   | Noticed Gastronok
 32647 | Lair:3   | Killed Gastronok
 33088 | Lair:3   | Noticed kaeus's ghost (journeyman MiFi)
 33091 | Lair:3   | Found a runed translucent gate.
 33091 | Lair:3   | Found a runed translucent gate.
 33107 | Lair:3   | Found a runed translucent gate.
 33176 | Lair:3   | Found a staircase to the Shoals.
 33407 | Lair:3   | Found a hole to the Spider Nest.
 33852 | Lair:4   | Reached XP level 15. HP: 104/104 MP: 19/31
 34879 | Lair:4   | Bought a potion of heal wounds for 205 gold pieces
 34879 | Lair:4   | Bought a scroll of teleportation for 123 gold pieces
 35403 | Lair:5   | Found a runed translucent door.
 35413 | Lair:5   | Noticed Luam's ghost (journeyman OpFi)
 35717 | Lair:5   | Found a staircase to the Slime Pits.
 35717 | Lair:5   | Found a viscous altar of Jiyva.
 35915 | Lair:6   | Entered Level 6 of the Lair of Beasts
 36606 | Lair:6   | Reached skill level 5 in Polearms
 37164 | Lair:6   | Noticed Kirke
 37166 | Lair:6   | Noticed a sphinx
 37255 | Lair:6   | Killed Kirke
 38067 | Lair:6   | Noticed Rupert
 38397 | Lair:6   | Killed Rupert
 38613 | Lair:6   | Found a runed translucent door.
 38615 | Lair:6   | Noticed Xomnel's ghost (journeyman TeFi)
 40542 | Lair:6   | Got a twisted eveningstar
 40543 | Lair:6   | Identified the +8 eveningstar of Patolawo {drain, rC+ Int+2
                  | Dex+3} (You found it on level 6 of the Lair of Beasts)
 40843 | Lair:6   | Killed Xomnel's ghost
 41135 | Orc:1    | Entered Level 1 of the Orcish Mines
 42158 | Orc:2    | Entered Level 2 of the Orcish Mines
 42167 | Orc:2    | Found a staircase to the Elven Halls.
 42478 | Orc:2    | Found a roughly hewn altar of Beogh.
 42484 | Orc:2    | Reached XP level 16. HP: 111/111 MP: 18/33
 42572 | Orc:2    | Noticed Urug
 42574 | Orc:2    | Found Maosom's Magic Scroll Shop.
 42590 | Orc:2    | Killed Urug
 42952 | Orc:2    | Found a roughly hewn altar of Beogh.
 42975 | Orc:2    | Found a roughly hewn altar of Beogh.
 43183 | D:6      | Bought a manual of Fighting for 1435 gold pieces
 43606 | Orc:2    | Noticed Donald
 44029 | Orc:2    | Found a roughly hewn altar of Beogh.
 44055 | Orc:2    | Killed Donald
 44068 | Orc:2    | Noticed Erolcha
 44072 | Orc:2    | Killed Erolcha
 44224 | Orc:2    | Found a roughly hewn altar of Beogh.
 44668 | Orc:2    | Found Fyrchoan's Weapon Emporium.
 44701 | Orc:2    | Found Yquigg's Antique Weapon Shoppe.
 44702 | Orc:2    | Found a roughly hewn altar of Beogh.
 44703 | Orc:2    | Found Tialaina's Antique Armour Emporium.
 45259 | Elf:1    | Entered Level 1 of the Elven Halls
 45272 | Elf:1    | Reached skill level 5 in Fighting
 47853 | Elf:1    | Found Vipoybb's Antique Armour Shoppe.
 47855 | Elf:1    | Found the macabre finger necklace {rN+}
 47878 | Elf:1    | Found a runed translucent gate.
 47878 | Elf:1    | Found a runed translucent gate.
 47879 | Elf:1    | Found a runed translucent gate.
 47882 | Elf:1    | Noticed Hehehe's ghost (journeyman DECj)
 48105 | Elf:1    | Reached skill level 10 in Fighting
 48654 | Elf:1    | Reached skill level 10 in Polearms
 48664 | Elf:1    | HP: 1/201 [disintegration (31)]
 48673 | Elf:1    | Killed Hehehe's ghost
 48675 | Elf:1    | HP: 2/201 [deep elf mage/bolt of magma (17)]
 48683 | Elf:1    | HP: 15/301 [deep elf mage/bolt of magma (16)]
 48689 | Elf:1    | Shot with an arrow by a deep elf archer

Illustrated notes

Levels and vault maps discovered:
D:1:      arrival_aquarium_b, layout_loops_ring
D:2:      layout_basic
D:3:      layout_loops_corners, nzn_hepliaklqana_mist_gate,
          lightli_temple_of_fire, chequers_ecumenical_altar_grove, uniq_grinder
D:4:      layout_loops_ring, overflow_temple_1_default,
          minmay_temple_entry_overgrown
D:5:      layout_loops_ring, amethyst_overflow_temple_binary
D:6:      layout_basic, general_overflow_altar, cheibrodos_sewer_entry_drain,
          serial_shops, shop
D:7:      layout_layer_cave
D:8:      layout_gridville, uniq_pikel, uniq_harold
D:9:      layout_basic, basic_altar
D:10:     layout_loops_ring
D:11:     layout_irregular_city, grunt_lair_entry_orc_guard_hut, serial_shops,
          shop, nicolae_shop_waterfront, gammafunk_ghost_icy,
          hangedman_minor_magic, uniq_snorg
D:12:     nzn_winding_woodlands_large [nzn_winding_woodlands_5x5_open_star,
          nzn_winding_woodlands_5x15_crooked, nzn_winding_woodlands_5x5_three,
          nzn_winding_woodlands_center_garden,
          nzn_winding_woodlands_15x15_boxy_spiral,
          nzn_winding_woodlands_center_pierced_h,
          nzn_winding_woodlands_5x5_default,
          nzn_winding_woodlands_5x15_split_checker,
          nzn_winding_woodlands_hourglass], layout_basic,
          david_defended_altar_elf
D:13:     layout_basic, erik_vaults_2, kennysheep_kite_vault
D:14:     layout_basic, hangedman_abyss_or_decor_clamps
D:15:     grunt_enter_depths_giant_problem, layout_grid_maze, nicolae_sextant,
          wad_dig_loot
Temple:   compressed_dpeg_circular_temple
Lair:1:   layout_misc_corridors, uniq_maggie, uniq_grum
Lair:2:   layout_small_grid, basic_altar
Lair:3:   layout_small_grid, shoals_dummy_entry,
          nicolae_spider_entry_orb_guardian, gammafunk_ghost_split,
          uniq_gastronok
Lair:4:   wander_river, layout_hall_layers, grunt_forest_large_clearing_hut
Lair:5:   layout_gridlike, slime_altar_1, ebering_ghost_reflecting_pool,
          serial_rivers, chequers_serial_rivers_room_a,
          chequers_serial_rivers_room_b, chequers_serial_rivers_small_a,
          chequers_serial_rivers_micro_a, chequers_serial_rivers_micro_d,
          chequers_serial_rivers_micro_b, infiniplex_staircase_pool_2
Lair:6:   grunt_lair_end_beastmaster, layout_layer_cave, gammafunk_ghost_grave,
          kennysheep_rathole, grunt_megastairs_5, lemuel_fruit_fields,
          uniq_rupert, uniq_kirke
Orc:1:    layout_caves
Orc:2:    grunt_orc_community_town_hall, layout_caves,
          grunt_orc_community_big_house_1, grunt_orc_community_big_house_1,
          grunt_orc_community_house_2, grunt_orc_community_house_2,
          grunt_orc_community_house_2, grunt_orc_community_house_1,
          grunt_orc_community_house_1, uniq_donald, uniq_erolcha, uniq_urug
Elf:1:    minmay_elf_arrival_plus, layout_gridlike,
          gammafunk_ghost_tricky_traps, serial_shops, shop, minivault_28,
          corner_web_ring, grunt_megastairs_1

Skill      XL: |  1  2  3  4  5  6  7  8  9 10 11 12 13 14 15 16 |
---------------+-------------------------------------------------+-----
Fighting       | 1 2 10 | 10.0
Shields        | 1 2 3 4 |  4.0
Spellcasting   | 3 4 6 7 9 10 12 13 | 13.3
Stealth        | 2 |  2.0
Dodging        | 2 |  2.0
Staves         | 1 2 |  2.6
Throwing       | 1 |  1.0
Translocations | 1 2 3 |  3.0
Conjurations   | 5 6 8 10 11 13 | 13.3
Maces & Flails | 1 4 7 8 11 13 | 13.8
Fire Magic     | 3 5 9 11 12 13 | 13.6
Polearms       | 1 3 6 10 | 10.3
Transmutations | 2 3 4 |  4.0
Evocations     | 2 |  2.0

Action                   |  1- 3 |  4- 6 |  7- 9 | 10-12 | 13-15 | 16-18 || total
-------------------------+-------+-------+-------+-------+-------+-------++-------
Melee: Unarmed           |    34 |       |       |       |       |       ||    34
       Tailslap          |     7 |     1 |     2 |    15 |    57 |     8 ||    90
       Quarterstaff      |       |     2 |       |       |       |       ||     2
       Flail             |       |       |    29 |   182 |   156 |       ||   367
       Kick              |       |       |     5 |     3 |       |       ||     8
       Lance             |       |       |       |       |   278 |   146 ||   424
       Bite              |       |       |       |       |    18 |     3 ||    21
Throw: Dart              |       |     1 |       |     8 |    15 |     2 ||    26
       Boomerang         |       |       |       |     5 |       |       ||     5
 Cast: Magic Dart        |    41 |    37 |    66 |   178 |   186 |    60 ||   568
       Searing Ray       |     5 |    25 |    62 |   142 |   203 |    76 ||   513
       Iskenderun's Myst |       |       |    11 |    80 |   184 |    49 ||   324
       Sticky Flame      |       |       |     3 |     5 |    27 |     1 ||    36
       Fireball          |       |       |     1 |    30 |    51 |    31 ||   113
       Conjure Flame     |       |       |       |     2 |       |       ||     2
       Irradiate         |       |       |       |     1 |    34 |    12 ||    47
       Blink             |       |       |       |       |     4 |     1 ||     5
Invok: Call Merchant     |       |       |       |     1 |     2 |       ||     3
 Abil: Breathe Acid      |       |       |     1 |     1 |     4 |       ||     6
       Stop Flying       |       |       |       |     1 |       |       ||     1
Evoke: Wand              |       |       |       |     7 |    11 |       ||    18
       Lightning rod     |       |       |       |       |       |     4 ||     4
  Use: Scroll            |     8 |     5 |     7 |    29 |    14 |     3 ||    66
       Potion            |       |     1 |     1 |     3 |     7 |    19 ||    31
 Stab: Distracted        |       |       |       |     1 |     1 |     1 ||     3
Armor: Skin              |    27 |     4 |    21 |   115 |   259 |    78 ||   504
Dodge: Dodged            |    46 |     9 |    40 |   148 |   265 |    52 ||   560
Block: Buckler           |       |       |    36 |   260 |   433 |   126 ||   855
       Reflection        |       |       |     2 |    18 |    13 |    32 ||    65
